 Dungeon Crawl Stone Soup version 0.23.1 (webtiles) character file.

Game seed: 1661547724516992100

226 PentaManta the Shield-Bearer (level 6, -4/47 HPs)
             Began as a Formicid Fighter on Mar 10, 2019.
             Slain by Crazy Yiuf
             ... wielding a +3 quarterstaff of chaos
              (7 damage)
             ... on level 2 of the Dungeon.
             The game lasted 00:04:50 (1651 turns).

PentaManta the Shield-Bearer (Formicid Fighter)     Turns: 1651, Time: 00:04:50

Health: -4/47      AC:  6    Str: 23    XL:     6   Next: 21%
Magic:  6/6        EV:  9    Int:  7    God:
Gold:   65         SH:  0    Dex: 10    Spells: 5/5 levels left

rFire    . . .     SeeInvis +   a - +1 war axe
rCold    . . .     Gourm    .   (no shield)
rNeg     . . .     Faith    .   b - +0 scale mail
rPois    .         Spirit   .   (helmet unavailable)
rElec    .         Reflect  .   (no cloak)
rCorr    .         Harm     .   (no gloves)
MR       +....                  (no boots)
Stlth    ..........             (no amulet)
HPRegen  0.15/turn              j - ring of protection from magic
MPRegen  0.10/turn              (no ring)

@: lethally poisoned (-4 -> -16), lightly drained
A: permanent stasis, dig shafts and tunnels, four strong arms, antennae 3
a: Dig, Shaft Self


You were on level 2 of the Dungeon.
You were hungry.

You visited 1 branch of the dungeon, and saw 2 of its levels.

You collected 65 gold pieces.

Inventory:

Hand Weapons
 a - a +1 war axe (weapon)
Armour
 b - a +0 scale mail (worn)
 c - a +0 shield
Jewellery
 j - a ring of protection from magic (left hand)
Scrolls
 e - 2 scrolls of identify
 h - a scroll of magic mapping
 k - a scroll of remove curse
 o - a scroll of enchant weapon
Potions
 g - a potion of heal wounds
 i - 3 potions of curing
 l - a potion of lignification
 q - 2 potions of ambrosia
 r - a potion of brilliance
 t - a potion of cancellation
Comestibles
 f - 4 rations


   Skills:
 - Level 3.2(2.9) Fighting
 - Level 2.0(1.7) Axes
 - Level 3.2(2.9) Armour
 + Level 7.8(7.5) Shields


You had 5 spell levels left.
You didn't know any spells.
Your spell library was empty.

Dungeon Overview and Level Annotations

Branches:
Dungeon (2/15)

Altars:

Annotations:
D:2 Crazy Yiuf


Innate Abilities, Weirdness & Mutations

You cannot be hasted, slowed, berserked, paralysed or teleported.
You can dig through walls and to a lower floor.
Your four strong arms can wield two-handed weapons with a shield.
You have a pair of large antennae on your head. (SInv)


Message History

You feel sick.
Crazy Yiuf hits you with a +3 quarterstaff of chaos.
Crazy Yiuf draws strength from your wounds!
You barely miss Crazy Yiuf.
Crazy Yiuf is almost dead.
You feel sick. Crazy Yiuf completely misses you. Crazy Yiuf closely misses you.
You closely miss Crazy Yiuf.
Crazy Yiuf is almost dead.
You feel sick.
Crazy Yiuf grits, "Shadow!
Pitchfork koolooloo Orb Guardian."
Crazy Yiuf hits you with a +3 quarterstaff of chaos!
* * * LOW HITPOINT WARNING * * *
Crazy Yiuf freezes you.
* * * LOW HITPOINT WARNING * * *
You barely miss Crazy Yiuf.
Crazy Yiuf is almost dead.
* * * LOW HITPOINT WARNING * * *
You feel sick.
Crazy Yiuf hits you with a +3 quarterstaff of chaos!
You die...

##.# #....# #.........#
#.# #....# #.######..#
#.# #....# #.# #..#
#.##### ##...#
#.######..# ##.....##
##.## #..##.....#
##..###..# ##.#
#..#...##.# #........#
#.## #..#...##.#
#.#####..# ##.#
#..#...##.# #.#.#.#.##
#@## #......÷..#
#.#..)#.# *#g#*
#.........# #.#..)..##
*...* #.........#
#.#..(#..# #...#
##.#.>.#### #.#.#.#..#
#)..# ###.#.......
#.#####.÷# #####
#........... #........#
###.####..## ###.####.#
### #.# #..# #.#
#.#########.###.####[.##


You could see Crazy Yiuf.

Vanquished Creatures
  Sigmund (D:2)
  2 adders (D:2)
  An ooze (D:2)
  An adder skeleton (D:2)
  3 dart slugs
  2 ball pythons (D:2)
  5 bats
  3 giant cockroaches (D:1)
  2 goblins
  2 hobgoblins (D:1)
  4 jackals (D:1)
  2 quokkas (D:2)
  4 frilled lizards
  5 kobolds
  2 rats (D:2)
39 creatures vanquished.

Notes
Turn   | Place    | Note
-------+----------+-------------------------------------------
     0 | D:1      | PentaManta the Formicid Fighter began the quest for the
                  | Orb.
     0 | D:1      | Reached XP level 1. HP: 18/18 MP: 1/1
    50 | D:1      | Reached skill level 4 in Shields
    86 | D:1      | Reached XP level 2. HP: 24/24 MP: 2/2
   205 | D:1      | You fall through a shaft!
   341 | D:1      | Reached XP level 3. HP: 29/29 MP: 3/3
   483 | D:1      | Reached skill level 5 in Shields
   742 | D:2      | Found a runed translucent door.
   743 | D:2      | Noticed Crazy Yiuf
   992 | D:2      | Reached XP level 4. HP: 34/35 MP: 4/4
  1301 | D:2      | Reached skill level 6 in Shields
  1343 | D:2      | Noticed Sigmund
  1348 | D:2      | Killed Sigmund
  1348 | D:2      | Reached skill level 7 in Shields
  1348 | D:2      | Reached XP level 5. HP: 22/41 MP: 5/5
  1348 | D:2      | Reached XP level 6. HP: 26/47 MP: 6/6
  1651 | D:2      | Slain by Crazy Yiuf

Skill      XL: |  1  2  3  4 |
---------------+-------------+-----
Shields        | 4 5 7 |  7.8
Fighting       | |  3.2
Axes           | |  2.0
Armour         | |  3.2

Action                   |  1- 3 |  4- 6 || total
-------------------------+-------+-------++-------
Melee: War axe           |    71 |    50 ||   121
Throw: Tomahawk          |     6 |       ||     6
  Use: Potion            |       |     1 ||     1
       Scroll            |       |    13 ||    13
  Eat: Chunk             |       |     2 ||     2
Armor: Scale mail        |    53 |    23 ||    76
Dodge: Dodged            |    57 |    35 ||    92
